 Dungeon Crawl Stone Soup version 0.21.1-1-g345015f (webtiles) character file.

756 theblackcape the Digger (level 7, -5/36 HPs)
             Began as a Gargoyle Earth Elementalist on June 4, 2018.
             Killed from afar by Tiareth's ghost (10 damage)
             ... with a magic dart
             ... on level 5 of the Dungeon.
             The game lasted 00:38:09 (4119 turns).

theblackcape the Digger (GrEE)                      Turns: 4119, Time: 00:38:10

Health: -5/36      AC: 11    Str: 12    XL:     7   Next: 79%
Magic:  6/14       EV: 12    Int: 17    God:
Gold:   197        SH:  0    Dex: 10    Spells: 9/15 levels left

rFire    . . .     SeeInvis .   q - +2 quarterstaff (chaos)
rCold    . . .     Gourm    .   (shield currently unavailable)
rNeg     + . .     Faith    .   c - +0 robe
rPois    ∞         Spirit   .   z - +1 helmet
rElec    +         Reflect  .   r - +1 cloak {rPois}
rCorr    .         Harm     .   n - +0 pair of gloves
MR       .....                  (no boots)
Stlth    ++........             a - amulet of magic regeneration
HPRegen  0.12/turn              (no ring)
MPRegen  0.39/turn              (no ring)

@: slowed, very slow
A: negative energy resistance 1, electricity resistance, unbreathing,
petrification resistance, rot immunity, AC +4
a: no special abilities


You were on level 5 of the Dungeon.
You were not hungry.

You visited 1 branch of the dungeon, and saw 5 of its levels.

You collected 197 gold pieces.

Inventory:

Hand Weapons
 h - a +1 dagger of venom
 q - a +2 quarterstaff of chaos (weapon)
Missiles
 b - 139 stones (quivered)
Armour
 c - a +0 robe (worn)
 n - a +0 pair of gloves (worn)
 r - a +1 cloak of poison resistance (worn)
 z - a +1 helmet (worn)
Jewellery
 a - an amulet of magic regeneration (around neck)
Wands
 m - a wand of polymorph (30)
 w - a wand of enslavement (12)
Scrolls
 f - 2 scrolls of remove curse
 i - 2 scrolls of fear
 k - a scroll of magic mapping
 l - a scroll of fog
 t - a scroll of amnesia {unknown}
 v - a scroll of enchant weapon {unknown}
 x - a scroll of teleportation {unknown}
 B - a scroll of noise {unknown}
 D - a scroll of immolation {unknown}
 G - a scroll of random uselessness {unknown}
Potions
 g - 3 potions of flight
 j - a potion of degeneration {unknown}
 o - a potion of cancellation {unknown}
 p - a potion of invisibility
 s - 2 potions of brilliance
 u - 2 potions of resistance {unknown}
 A - a potion of mutation {unknown}
 C - a potion of curing {unknown}
 E - a potion of might {unknown}
 F - a potion of haste {unknown}
Books
 e - a book of Geomancy

   Spells                             Type                      Level
   a - Sandblast                      Earth                        1
   b - Passwall                       Transmutation/Earth          2
   c - Stone Arrow                    Conjuration/Earth            3
   d - Petrify                        Transmutation/Earth          4
   e - Lee's Rapid Deconstruction     Earth                        5
Comestibles
 d - 7 rations


   Skills:
 - Level 0.9 Staves
 - Level 2.2 Dodging
 - Level 2.5 Stealth
 - Level 0.4 Unarmed Combat
 + Level 4.9 Spellcasting
 + Level 2.6 Conjurations
 - Level 2.0 Transmutations
 + Level 6.8 Earth Magic


You had 9 spell levels left.
You knew the following spells:

 Your Spells              Type           Power        Failure   Level  Hunger
a - Sandblast             Erth           ####..       1%          1    None
b - Passwall              Tmut/Erth      ###.......   3%          2    #......
c - Stone Arrow           Conj/Erth      ###...       6%          3    ###....


Dungeon Overview and Level Annotations

Branches:
Dungeon (5/15)
 Temple: D:4-7

Altars:
Nemelex Xobeh
Ru
Uskayaw

Shops:
D:4 %   D:5 }:

Annotations:
D:5 Tiareth's ghost, novice DEWz


Innate Abilities, Weirdness & Mutations

You are resistant to torment.
Your stone body is resilient. (AC +4)
You are immune to poison.
You resist negative energy. (rN+)
You are resistant to electric shocks. (rElec)
You can survive without breathing.
You are immune to petrification.
You are immune to rotting.


Message History

You resist with significant effort.
You miss Tiareth's ghost.
Tiareth's ghost is almost destroyed.
Tiareth's ghost hits you. Tiareth's ghost freezes you.
Tiareth's ghost hits you. Tiareth's ghost freezes you.
You completely miss Tiareth's ghost.
Tiareth's ghost is almost destroyed.
Tiareth's ghost barely misses you. Tiareth's ghost hits you.
* * * LOW HITPOINT WARNING * * *
Tiareth's ghost freezes you.
* * * LOW HITPOINT WARNING * * *
You miss Tiareth's ghost.
Tiareth's ghost is almost destroyed.
Tiareth's ghost hits you.
* * * LOW HITPOINT WARNING * * *
Tiareth's ghost freezes you.
* * * LOW HITPOINT WARNING * * *
Tiareth's ghost points at you and mumbles some strange words.
The magic dart hits you!
You die...

.## #.#.##..#.###########.# ..#
#.#.....#.# #..# ..# #.#..##.#.#
#.## ..# #.#...#.#.# ###.### ..#
###....#....# #.....# ..#
#(..#.###.##########.#.#.#
..####.8..## ##.##.....##.#.#.##
...[.......###.###.....##.#.<..#
.....8.∩.8..#(..@W..>..##.###..#
........#.#..#.###.....##......#
..#####8#)#.##.# #.....#######.#
..# #.#.#.##.# ####### #.# ..###
#...#.##.# #.# ....# ###......#
#.# ..#.#######.#### #.#
........# #.####### .<#
#.#.###.# #.......# ###


You could see Tiareth's ghost.

Vanquished Creatures
  The ghost of Jaiteiro the Shield-Bearer, an amateur MiFi (D:3)
  An ogre (D:5)
  A centaur (D:5)
  A scorpion (D:4)
  A crimson imp (D:5)
  2 hounds (D:4)
  An orc priest (D:4)
  Crazy Yiuf (D:2)
  Natasha (thrice) (D:4)
  An orc wizard (D:4)
  A hound zombie (D:3)
  2 worker ant zombies (D:3)
  A gnoll (D:1)
  2 howler monkey skeletons (D:4)
  2 adders (D:2)
  2 shadow imps (D:5)
  An adder skeleton (D:4)
  An adder zombie (D:3)
  2 worms
  5 leopard geckos
  8 orcs
  6 bats
  3 giant cockroaches
  7 goblins
  10 hobgoblins
  7 jackals
  7 kobolds
  5 frilled lizards
  A giant cockroach zombie (D:3)
  A jackal zombie (D:3)
  2 leopard gecko skeletons
  A quokka skeleton (D:3)
  3 rats
93 creatures vanquished.

Notes
Turn   | Place    | Note
-------+----------+-------------------------------------------
     0 | D:1      | theblackcape the Gargoyle Earth Elementalist began the quest for the Orb.
     0 | D:1      | Reached XP level 1. HP: 10/10 MP: 3/3
   128 | D:1      | Reached XP level 2. HP: 15/15 MP: 3/5
   234 | D:1      | Reached skill level 4 in Earth Magic
   248 | D:1      | Reached XP level 3. HP: 11/19 MP: 4/6
   769 | D:2      | Found a sacrificial altar of Ru.
  1120 | D:2      | Reached XP level 4. HP: 24/24 MP: 5/8
  1126 | D:2      | Learned a level 2 spell: Passwall
  1130 | D:2      | Learned a level 3 spell: Stone Arrow
  1307 | D:2      | Found a runed door.
  1311 | D:2      | Noticed Crazy Yiuf
  1318 | D:2      | Killed Crazy Yiuf
  1613 | D:3      | Reached XP level 5. HP: 28/28 MP: 6/9
  1696 | D:3      | Reached skill level 5 in Earth Magic
  2299 | D:3      | Noticed Jaiteiro's ghost (amateur MiFi)
  2306 | D:3      | Killed Jaiteiro's ghost
  2306 | D:3      | Reached skill level 1 in Conjurations
  2306 | D:3      | Reached XP level 6. HP: 16/32 MP: 1/11
  2307 | D:3      | Found a sparkling altar of Nemelex Xobeh.
  2462 | D:5      | Entered Level 5 of the Dungeon
  2573 | D:4      | Noticed Natasha
  2575 | D:4      | Killed Natasha
  2575 | D:4      | Reached skill level 1 in Transmutations
  2698 | D:4      | Reached skill level 6 in Earth Magic
  2750 | D:4      | Reached XP level 7. HP: 36/36 MP: 5/13
  2836 | D:4      | Found Kecoe's Food Shop.
  3060 | D:4      | Found a hide-covered altar of Uskayaw.
  3080 | D:4      | Noticed Natasha
  3102 | D:4      | Killed Natasha
  3245 | D:4      | Noticed Natasha
  3453 | D:4      | Killed Natasha
  3643 | D:5      | Found Uten's Book Emporium.
  3933 | D:5      | Found Xamen's Gadget Emporium.
  4107 | D:5      | Noticed Tiareth's ghost (novice DEWz)
  4119 | D:5      | Killed from afar by Tiareth's ghost

Skill      XL: |  1  2  3  4  5  6  7 |
---------------+----------------------+-----
Earth Magic    | 4 5 6 |  6.8
Dodging        | 2 |  2.2
Spellcasting   | 3 4 |  4.9
Conjurations   | 1 2 |  2.6
Transmutations | 1 2 |  2.0
Staves         | |  0.9
Stealth        | |  2.5
Unarmed Combat | |  0.4

Action                   |  1- 3 |  4- 6 |  7- 9 || total
-------------------------+-------+-------+-------++-------
Melee: Unarmed           |    21 |       |    29 ||    50
       Dagger            |    40 |     1 |       ||    41
       Quarterstaff      |       |    18 |     5 ||    23
 Cast: Sandblast         |    23 |    44 |     6 ||    73
       Stone Arrow       |       |    29 |    24 ||    53
Evoke: Wand              |       |       |     1 ||     1
  Use: Scroll            |       |       |     9 ||     9
 Stab: Sleeping          |     2 |     3 |       ||     5
  Eat: Chunk             |     1 |     5 |     2 ||     8
       Ration            |       |     1 |     1 ||     2
Armor: Robe              |    35 |    13 |     3 ||    51
       Skin              |       |       |     4 ||     4
Dodge: Dodged            |    62 |    22 |    35 ||   119
